 Seeded DCSS version 0.23.2 (webtiles) character file.

Game seed: 20190622

184 Llamajah the Ducker (level 5, -6/40 HPs)
             Began as a Demonspawn Gladiator on June 22, 2019.
             Killed by nerve-wracking pain
             ... invoked by Grinder
              (11 damage)
             ... on level 3 of the Dungeon.
             The game lasted 00:06:01 (2014 turns).

Llamajah the Ducker (Demonspawn Gladiator)          Turns: 2014, Time: 00:06:01

Health: -6/40      AC: 10    Str: 15    XL:     5   Next: 36%
Magic:  5/5        EV: 13    Int: 14    God:
Gold:   112        SH:  0    Dex: 16    Spells: 4/4 levels left

rFire    + . .     SeeInvis .   a - +0 long sword
rCold    + . .     Gourm    .   (no shield)
rNeg     . . .     Faith    .   g - +0 ring mail
rPois    .         Spirit   .   o - +1 helmet
rElec    .         Reflect  .   m - scarf {rC+ rF+}
rCorr    .         Harm     .   (no gloves)
MR       .....                  (no boots)
Stlth    +.........             (no amulet)
HPRegen  0.13/turn              e - +4 ring of intelligence
MPRegen  0.09/turn              j - +2 ring of dexterity

@: no status effects
A: yellow scales 2
a: no special abilities


You were on level 3 of the Dungeon.
You were not hungry.

You visited 1 branch of the dungeon, and saw 3 of its levels.

You collected 112 gold pieces.

Inventory:

Hand Weapons
 a - a +0 long sword (weapon)
Missiles
 d - 3 throwing nets (quivered)
 u - 19 sling bullets
Armour
 g - a +0 ring mail (worn)
 m - a scarf of resistance (worn)
 o - a +1 helmet (worn)
Jewellery
 e - a +4 ring of intelligence (left hand)
 j - a +2 ring of dexterity (right hand)
Wands
 s - a wand of digging (3)
Scrolls
 i - 2 scrolls of teleportation
 k - a scroll of fear {unknown}
 l - a scroll of enchant weapon {unknown}
 p - a scroll of identify {unknown}
Potions
 b - a potion of lignification {unknown}
 h - a potion of agility {unknown}
 q - a potion of berserk rage {unknown}
 r - a potion of curing
 t - a potion of flight {unknown}
Comestibles
 f - 8 rations
 n - 11 chunks of flesh


   Skills:
 + Level 2.9 Fighting
 + Level 3.3 Long Blades
 + Level 2.5 Throwing
 + Level 1.5 Armour
 * Level 3.9 Dodging


You had 4 spell levels left.
You didn't know any spells.
Your spell library was empty.

Dungeon Overview and Level Annotations

Branches:
Dungeon (3/15)

Altars:

Annotations:
D:3 Grinder


Innate Abilities, Weirdness & Mutations

You are mostly covered in yellow scales. (AC +3)


Message History

The orc hits you but does no damage. Grinder hits you but does no damage.
The orc closely misses you.
You hit Grinder but do no damage.
Grinder is severely wounded.
Grinder says, "You look like you could use a good racking."
Grinder drinks a potion.
Grinder is healed!
The orc hits you with a +0 dagger.
* * * LOW HITPOINT WARNING * * *
You hit Grinder.
Grinder is heavily wounded.
Grinder hits you but does no damage. The orc hits you but does no damage.
You closely miss Grinder.
Grinder is heavily wounded.
Grinder closely misses you. The orc barely misses you.
Grinder barely misses you.
You closely miss Grinder.
Grinder is heavily wounded.
The orc closely misses you. Grinder gestures at you.
Pain shoots through your body!
You die...

♣≈♣ #(.######...# ♣.♣
#........... ♣♣≈♣
##..####.... ♣≈.♣
#.....†..#..
#####..######.#..#####..
#.........#...#........#
#.........#)####...##.##
#......o....# ###..#.##
#......@..### ##.....
#.....>.5.# ###.####
#.........# #..÷# #
#.........# ##.#.# #
#..>......# #..#.###
#.........# #.#....##
########### #.#....#.
#.#...... .........#


You could see Grinder and an orc.

Vanquished Creatures
  Jessica (D:2)
  Ijyb (D:3)
  Robin (D:2)
  3 adders (D:2)
  An ooze (D:2)
  3 worms
  3 dart slugs
  3 leopard geckos
  3 orcs (D:3)
  3 giant cockroaches
  15 goblins
  9 hobgoblins
  3 jackals (D:3)
  2 ball pythons
  5 bats
  5 frilled lizards
  4 kobolds
  6 rats
71 creatures vanquished.

Notes
Turn   | Place    | Note
-------+----------+-------------------------------------------
     0 | D:1      | Llamajah the Demonspawn Gladiator began the quest for the
                  | Orb.
     0 | D:1      | Reached XP level 1. HP: 16/16 MP: 1/1
    26 | D:1      | Gained mutation: You are partially covered in yellow
                  | scales. (AC +2) [demonic ancestry]
    26 | D:1      | Reached XP level 2. HP: 3/22 MP: 2/2
   877 | D:2      | Gained mutation: You are mostly covered in yellow scales.
                  | (AC +3) [demonic ancestry]
   877 | D:2      | Reached XP level 3. HP: 28/28 MP: 3/3
  1153 | D:2      | Reached skill level 1 in Armour
  1207 | D:2      | Reached XP level 4. HP: 26/34 MP: 4/4
  1225 | D:2      | Noticed Robin
  1236 | D:2      | Killed Robin
  1348 | D:2      | Noticed Jessica
  1357 | D:2      | Killed Jessica
  1690 | D:3      | Reached XP level 5. HP: 39/39 MP: 5/5
  1748 | D:3      | Noticed Ijyb
  1760 | D:3      | Killed Ijyb
  1991 | D:3      | Noticed Grinder
  2014 | D:3      | Killed from afar by Grinder

Skill      XL: |  1  2  3 |
---------------+----------+-----
Dodging        | 3 |  3.9
Throwing       | 2 |  2.5
Long Blades    | 3 |  3.3
Armour         | 1 |  1.5
Fighting       | |  2.9

Action                   |  1- 3 |  4- 6 || total
-------------------------+-------+-------++-------
Melee: Long sword        |   113 |   144 ||   257
  Use: Scroll            |       |     3 ||     3
 Stab: Distracted        |       |     1 ||     1
  Eat: Chunk             |     1 |     3 ||     4
Armor: Leather armour    |     4 |       ||     4
       Ring mail         |    56 |    82 ||   138
Dodge: Dodged            |    86 |   124 ||   210
       Rpst.: Long sword |    21 |    40 ||    61
